 Dungeon Crawl Stone Soup version 0.21-a0-140-g479285b (webtiles) character file.

11242 kuniqs the Geomancer (level 11, 35/81 HPs)
             Began as a Deep Dwarf Earth Elementalist on July 20, 2017.
             Was a Believer of Makhleb.
             Quit the game in a labyrinth.
             The game lasted 00:25:28 (14181 turns).

kuniqs the Geomancer (DDEE)                        Turns: 14181, Time: 00:25:28

Health: 35/81      AC:  4    Str: 13    XL:     11   Next: 46%
Magic:  26/26      EV: 12    Int: 18    God:    Makhleb [**....]
Gold:   457        SH:  5    Dex: 13    Spells: 9/18 levels left

rFire    . . .     SeeInvis .   j - +1 dagger (venom)
rCold    . . .     Gourm    .   u - +0 buckler
rNeg     . . .     Faith    .   c - +0 robe
rPois    .         Spirit   .   D - +2 hat
rElec    .         Reflect  .   (no cloak)
rCorr    .         Harm     .   (no gloves)
MR       +....                  (no boots)
Stlth    +++++.....             (no amulet)
HPRegen  0.00/turn              (no ring)
MPRegen  0.20/turn              l - ring of magical power

@: non-regenerating
A: damage resistance, heal wounds, sense surroundings 2, no regeneration
a: Heal Wounds, Minor Destruction, Renounce Religion


You were in a labyrinth.
You worshipped Makhleb.
Makhleb was pleased with you.
You were not hungry.

You visited 3 branches of the dungeon, and saw 13 of its levels.
You also visited: Labyrinth.

You collected 646 gold pieces.
You spent 189 gold pieces at shops.

Inventory:

Hand Weapons
 j - a +1 dagger of venom (weapon)
Missiles
 b - 147 stones (quivered)
 p - 7 throwing nets
Armour
 c - a +0 robe (worn)
 u - a +0 buckler (worn)
 A - a +0 cloak
 D - a +2 hat (worn)
Jewellery
 g - an uncursed ring of ice
 l - a ring of magical power (right hand)
 o - an uncursed ring of resist corrosion
 z - an uncursed ring of positive energy
Wands
 K - a wand of confusion (11/48)
 N - a wand of flame (15/48)
 R - a wand of acid (8/15)
Scrolls
 i - 6 scrolls of identify {@r1}
 m - 2 scrolls of noise {unknown}
 n - 3 scrolls of remove curse {@r2}
 r - a scroll of immolation {unknown}
 t - 2 scrolls of recharging {unknown}
 y - 2 scrolls of magic mapping {unknown}
 E - a scroll of blinking {unknown}
 F - a scroll of enchant weapon {unknown}
 G - 2 scrolls of amnesia {unknown}
 H - 2 scrolls of teleportation {unknown}
 I - 4 scrolls of fear {unknown}
 O - a scroll of brand weapon {unknown}
Potions
 a - 2 potions of degeneration {unknown}
 h - a potion of mutation {unknown}
 s - 3 potions of curing {@q1}
 v - a potion of invisibility {unknown}
 w - 5 potions of lignification
 x - 3 potions of might
 B - a potion of ambrosia {unknown}
 C - 2 potions of haste {unknown}
 L - 2 potions of brilliance {unknown}
 M - a potion of heal wounds
Books
 k - a book of Geomancy

   Spells                             Type                      Level
   a - Sandblast                      Earth                        1
   b - Passwall                       Transmutation/Earth          2
   c - Stone Arrow                    Conjuration/Earth            3
   d - Petrify                        Transmutation/Earth          4
   e - Lee's Rapid Deconstruction     Earth                        5
 J - a book of Air

   Spells                             Type                      Level
   a - Shock                          Conjuration/Air              1
   b - Swiftness                      Charms/Air                   2
   c - Static Discharge               Conjuration/Air              3
   d - Airstrike                      Air                          4
   e - Lightning Bolt                 Conjuration/Air              5
Comestibles
 d - 14 bread rations
 e - 5 meat rations
 f - 3 fruits
 q - 6 royal jellies


   Skills:
 - Level 2.1 Dodging
 + Level 11.8 Stealth
 - Level 4.0 Shields
 + Level 4.4 Spellcasting
 + Level 7.9 Conjurations
   Level 0.8 Transmutations
 + Level 12.4 Earth Magic
 + Level 7.9 Invocations
 + Level 5.1 Evocations


You had 9 spell levels left.
You knew the following spells:

 Your Spells              Type           Power        Failure   Level  Hunger
a - Sandblast             Erth           #####.       1%          1    None
b - Stone Arrow           Conj/Erth      #####.       1%          3    ###....
c - Lee's Rapid Deconstr  Erth           #####.....   2%          5    ######.


Dungeon Overview and Level Annotations

Branches:
Dungeon (10/15)            Temple (1/1) D:7            Lair (2/6) D:9
  Snake (0/4) Lair:2          Orc (0/2) D:9
  Swamp: Lair:2-4    Shoals: Lair:2-4

Altars:
Ashenzari
Dithmenos
Elyvilon
Fedhas
Gozag
Hepliaklqana
Kikubaaqudgha
Makhleb
Nemelex Xobeh
Okawaru
Qazlal
Ru
Sif Muna
Uskayaw
Vehumet
Wu Jian
Zin
The Shining One

Shops:
D:9 *

Portals:
Ice
Cave: Lair:2

Annotations:
D:3 Sigmund
D:4 Ijyb
D:10 Erica


Innate Abilities, Weirdness & Mutations

You are resistant to damage.
You can heal yourself by infusing magical energy.
You passively map the area around you.
You do not regenerate.


Message History

You hear the faint crackling of a distant melting archway.
You start resting.
You hear the brisk ticking of a distant clock.
You hear the faint crackling of a distant melting archway.
You start resting.
You see here a black mamba corpse.
You see here a blink frog corpse.
Found a shiny large shield.
Found a labyrinth entrance.
Found 12 gold pieces.
Found 4 gold pieces.
Found a rapier.
There is a labyrinth entrance here.
Beware, the minotaur awaits!
The world spins around you as you enter the gateway.
As you enter the labyrinth, previously moving walls settle noisily into place.
You hear the metallic echo of a distant snort before it fades into the rock.
No exploration algorithm can help you here.
Okay, then.
As you read the scroll of identify {@r1}, it crumbles to dust.
K - a wand of confusion (11/48) No exploration algorithm can help you here.

#. .#... #. .
. # #.#.# # #
# . ...#
#.### #.
#.#.#### ##
####
#.........#
... ####
####.###.#
#.........@.#
#############


There were no monsters in sight!

Vanquished Creatures
  Harold (Lair:1)
  3 black mambas
  2 spiny frogs (Lair:1)
  A komodo dragon (Lair:1)
  3 blink frogs (Lair:2)
  A hippogriff (D:7)
  A spriggan (D:7)
  14 yaks (Lair:1)
  2 hungry ghosts
  3 water moccasins
  A porcupine (Lair:2)
  2 hell hounds (D:9)
  A phantom (D:5)
  4 ice beasts
  2 orc warriors (D:8)
  2 ogres
  4 sky beasts
  2 necrophages (D:9)
  5 centaurs
  3 crocodiles (Lair:1)
  Blork the orc (D:6)
  3 big kobolds
  8 bullfrogs
  A water moccasin zombie (D:7)
  5 scorpions
  6 killer bees (D:8)
  3 howler monkeys (D:7)
  7 crimson imps
  A centaur zombie (D:9)
  2 quasits
  7 hounds
  A jelly (D:7)
  Crazy Yiuf (D:4)
  5 orc priests
  10 orc wizards
  Terence (D:3)
  An iguana (D:6)
  Natasha (thrice) (D:4 D:6)
  4 worker ants
  A killer bee zombie (D:7)
  A hound zombie (D:8)
  A worker ant zombie (D:7)
  3 gnolls (D:5)
  11 adders
  3 river rats (D:6)
  A shadow imp (D:5)
  An ooze (D:2)
  An adder zombie (D:5)
  An adder skeleton (D:4)
  8 worms
  2 dart slugs
  4 leopard geckos
  41 orcs
  2 ball pythons
  4 giant cockroaches
  19 goblins
  5 hobgoblins
  12 jackals
  19 kobolds
  5 quokkas
  10 bats
  3 frilled lizards
  A giant cockroach zombie (D:2)
  A jackal skeleton (D:4)
  11 rats
  A fungus (Lair:1)
299 creatures vanquished.

Vanquished Creatures (others)
  2 fungi (Lair:2)
2 creatures vanquished.

Grand Total: 301 creatures vanquished

Notes
Turn   | Place    | Note
-------+----------+-------------------------------------------
     0 | D:1      | kuniqs the Deep Dwarf Earth Elementalist began the quest for the Orb.
     0 | D:1      | Reached XP level 1. HP: 15/15 MP: 3/3
   326 | D:1      | Reached XP level 2. HP: 22/22 MP: 1/5
  1085 | D:2      | Reached skill level 5 in Earth Magic
  1085 | D:2      | Reached XP level 3. HP: 28/28 MP: 6/6
  1246 | D:2      | Found a hazy altar of Hepliaklqana.
  1300 | D:2      | Learned a level 3 spell: Stone Arrow
  1345 | D:2      | Found a white marble altar of Elyvilon.
  1355 | D:2      | Found a transporter.
  1368 | D:2      | Found a transporter.
  1477 | D:2      | Reached XP level 4. HP: 36/36 MP: 7/7
  1521 | D:2      | Found a sacrificial altar of Ru.
  1549 | D:2      | Found a shadowy altar of Dithmenos.
  1671 | D:2      | Found an iron altar of Okawaru.
  1991 | D:3      | Noticed Terence
  2253 | D:3      | Killed Terence
  2253 | D:3      | Reached skill level 1 in Conjurations
  2403 | D:3      | Noticed Sigmund
  2812 | D:3      | Reached XP level 5. HP: 32/42 MP: 8/8
  2901 | D:3      | Reached skill level 1 in Shields
  2901 | D:3      | Reached skill level 6 in Earth Magic
  3012 | D:3      | Reached XP level 6. HP: 31/49 MP: 9/9
  3341 | D:4      | Reached skill level 5 in Stealth
  3662 | D:4      | Noticed Ijyb
  3906 | D:4      | Noticed Natasha
  3956 | D:4      | Killed Natasha
  4415 | D:4      | Found a runed door.
  4419 | D:4      | Noticed Crazy Yiuf
  4423 | D:4      | Killed Crazy Yiuf
  4423 | D:4      | Reached skill level 7 in Earth Magic
  4577 | D:5      | Entered Level 5 of the Dungeon
  4596 | D:5      | Reached XP level 7. HP: 52/55 MP: 10/10
  4992 | D:5      | Found a hide-covered altar of Uskayaw.
  5078 | D:5      | Learned a level 5 spell: Lee's Rapid Deconstruction
  5686 | D:5      | Reached XP level 8. HP: 38/62 MP: 7/11
  5895 | D:6      | Reached skill level 8 in Earth Magic
  6198 | D:6      | Noticed Natasha
  6202 | D:6      | Killed Natasha
  6489 | D:6      | Noticed Natasha
  6493 | D:6      | Killed Natasha
  6549 | D:6      | Found a glowing drain.
  6612 | D:6      | Reached skill level 9 in Earth Magic
  6671 | D:6      | Noticed Blork the orc
  6680 | D:6      | Killed Blork the orc
  6944 | D:6      | Reached skill level 5 in Conjurations
  7228 | D:6      | Found a blossoming altar of Fedhas.
  7285 | D:7      | Found a stormy altar of Qazlal.
  7310 | D:7      | Gained mutation: You passively map the area around you. [Deep Dwarf growth]
  7310 | D:7      | Reached XP level 9. HP: 61/68 MP: 12/12
  7323 | D:7      | Found Zin's Purification Station.
  7388 | D:7      | Found a glowing silver altar of Zin.
  7391 | D:7      | Bought a potion of curing for 90 gold pieces
  7638 | D:7      | Reached skill level 10 in Earth Magic
  7770 | D:7      | Found a staircase to the Ecumenical Temple.
  7806 | Temple   | Entered the Ecumenical Temple
  7818 | Temple   | Became a worshipper of Makhleb the Destroyer
  7946 | D:7      | Reached skill level 1 in Invocations
  7950 | D:7      | Found an opulent altar of Gozag.
  8659 | D:8      | Found a deep blue altar of Sif Muna.
  8834 | D:8      | Reached skill level 10 in Stealth
  8845 | D:8      | Reached * piety under Makhleb
  8858 | D:8      | Reached skill level 11 in Earth Magic
  9625 | D:8      | Found an ancient bone altar of Kikubaaqudgha.
  9795 | D:8      | Reached XP level 10. HP: 38/75 MP: 13/13
 10012 | D:8      | Reached skill level 5 in Invocations
 10269 | D:9      | Found a staircase to the Orcish Mines.
 10273 | D:9      | Found a staircase to the Lair.
 10790 | D:9      | Found Wazeng's Assorted Antiques.
 10799 | D:9      | Bought a potion of curing for 99 gold pieces
 11034 | D:9      | Found a radiant altar of Vehumet.
 11053 | D:9      | Found a glowing golden altar of the Shining One.
 11166 | D:9      | Reached ** piety under Makhleb
 11287 | D:9      | Reached skill level 1 in Evocations
 11782 | D:10     | Entered Level 10 of the Dungeon
 11782 | D:10     | Noticed Erica
 11782 | D:10     | Noticed a two-headed ogre
 11819 | Lair:1   | Entered Level 1 of the Lair of Beasts
 11935 | Lair:1   | Noticed a spiny frog
 11943 | Lair:1   | Killed a spiny frog
 11966 | Lair:1   | Noticed a spiny frog
 12061 | Lair:1   | Killed a spiny frog
 12279 | Lair:1   | Noticed a black mamba
 12284 | Lair:1   | Killed a black mamba
 12366 | Lair:1   | Reached skill level 12 in Earth Magic
 12607 | Lair:1   | Reached XP level 11. HP: 81/81 MP: 12/16
 13271 | Lair:1   | Noticed Harold
 13285 | Lair:1   | Killed Harold
 13833 | Lair:2   | Found a frozen archway.
 13913 | Lair:2   | Reached skill level 5 in Evocations
 14068 | Lair:2   | Found a labyrinth entrance.
 14077 | Lab      | Entered a labyrinth
 14181 | Lab      | Quit the game

Vault maps used:
D:1:      evilmike_arrival_crescent
D:2:      lemuel_doored_altar, marbit_many_paths,
          nicolae_overflow_crystal_walls, gammafunk_temple_overflow_arena,
          nicolae_ru_path_of_blood, grunt_ministairs_15
D:3:      cheibrodos_thug_alley, kennysheep_cross_room, uniq_terence,
          uniq_sigmund
D:4:      uniq_ijyb, uniq_crazy_yiuf_cottage, uniq_natasha
D:5:      kennysheep_mini_moat, first_bread, minmay_ogre_servants
D:6:      kennysheep_little_box, lightli_sewer_entry_pipes, uniq_blork_the_orc
D:7:      zin_purify, nicolae_qazlal_general_emergency, lemuel_round_altar,
          minmay_temple_entry_butterflies, enter_bailey_3, the_bakery
D:8:      nicolae_overflow_hidden_temple, lemuel_round_altar
D:9:      overflow_temple_1_default, minmay_lair_entry_lava, orc_0_dummy,
          serial_shops, nicolae_shop_overgrown_old_shop, basic_altar
D:10:     uniq_erica, uniq_josephine, uniq_psyche
Temple:   compressed_dpeg_triangle_lava_temple
Lair:1:   uniq_harold
Lair:2:   dummy_snake_entry, portal_ice_cave_entry_pillars_1, lab_entry_generic,
          grunt_megastairs_2, infiniplex_staircase_pool
Lab:      labyrinth_skeletal_remains

Skill      XL: |  1  2  3  4  5  6  7  8  9 10 11 |
---------------+----------------------------------+-----
Spellcasting   | 2 3 4 |  4.4
Stealth        | 3 4 5 6 8 10 11 | 11.8
Earth Magic    | 5 6 7 9 11 12 | 12.4
Conjurations   | 1 2 3 5 6 7 |  7.9
Shields        | 1 3 4 |  4.0
Invocations    | 4 6 7 |  7.9
Evocations     | 3 5 |  5.1
Dodging        | |  2.1
Transmutations | |  0.8

Action                   |  1- 3 |  4- 6 |  7- 9 | 10-12 || total
-------------------------+-------+-------+-------+-------++-------
Melee: Unarmed           |     4 |       |       |       ||     4
       Dagger            |     1 |     4 |    23 |    12 ||    40
 Cast: Sandblast         |    51 |    47 |   112 |    43 ||   253
       Stone Arrow       |       |    55 |   100 |    76 ||   231
       Lee's Rapid Decon |       |       |    20 |    42 ||    62
 Abil: Heal Wounds       |       |       |     1 |       ||     1
  Use: Potion            |       |     4 |     3 |     4 ||    11
       Scroll            |       |     3 |       |     2 ||     5
  Eat: Chunk             |     3 |    17 |    35 |    22 ||    77
       Fruit             |       |       |     1 |     4 ||     5
       Meat ration       |       |       |       |     2 ||     2
Armor: Robe              |     9 |     6 |    10 |     7 ||    32
Dodge: Dodged            |    15 |    11 |    23 |    25 ||    74
Block: Buckler           |       |       |    13 |     5 ||    18
